 Dungeon Crawl Stone Soup version 0.25-a0-294-gea9b1ad378 (webtiles) character file.

Game seed: 18141181368543761907, levelgen mode: deterministic

74 MoonlitKnight the Poker (level 4, 0/35 HPs)
             Began as a Merfolk Skald on Dec 16, 2019.
             Succumbed to a gnoll's poison
             ... on level 2 of the Dungeon.
             The game lasted 00:03:03 (1466 turns).

MoonlitKnight the Poker (Merfolk Skald)             Turns: 1466, Time: 00:03:03

Health: 0/35       AC:  3    Str: 12    XL:     4   Next: 30%
Magic:  7/7        EV: 13    Int: 12    God:
Gold:   17         SH:  0    Dex: 13    Spells: 4/7 levels left

rFire    . . .     SeeInvis .   e - +0 spear (venom)
rCold    . . .     Gourm    .   (no shield)
rNeg     . . .     Faith    .   b - +0 leather armour
rPois    .         Spirit   .   (no helmet)
rElec    .         Reflect  .   (no cloak)
rCorr    .         Harm     .   (no gloves)
MR       .....                  (no boots)
Stlth    +.........             (no amulet)
HPRegen  0.11/turn              (no ring)
MPRegen  0.10/turn              (no ring)

@: lethally poisoned (0 -> -1)
A: change form in water, swift swim, stealthy swim
a: no special abilities


You were on level 2 of the Dungeon.
You were not hungry.

You visited 1 branch of the dungeon, and saw 2 of its levels.

You collected 17 gold pieces.

Inventory:

Hand Weapons
 e - a +0 spear of venom (weapon)
Armour
 b - a +0 leather armour (worn)
Scrolls
 c - a scroll of amnesia {unknown}
 f - a scroll of fog {unknown}
Comestibles
 d - 2 rations
 g - 6 chunks of flesh


   Skills:
 + Level 3.0 Fighting
 * Level 5.0 Polearms
 - Level 0.6 Armour
 + Level 3.7 Dodging
 - Level 2.0 Spellcasting
 - Level 3.2 Charms


You had 4 spell levels left.
You knew the following spells:

 Your Spells              Type           Power        Failure   Level  Hunger
a - Infusion              Chrm           #...         9%          1    ##.....
b - Shroud of Golubria    Chrm/Tloc      #.....       26%         2    ###....

Your spell library contained the following spells:

 Spells                   Type           Power        Failure   Level  Hunger
 Song of Slaying          Chrm           #.......     14%         2    ###....
 Regeneration             Chrm/Necr      #.........   47%         3    ####...
 Spectral Weapon          Hex/Chrm       #.......     47%         3    ####...


Dungeon Overview and Level Annotations

Branches:
Dungeon (2/15)

Altars:

Annotations:
D:2 Natasha


Message History

You butcher the gnoll corpse.
* * * LOW HITPOINT WARNING * * *
You feel sick.
Things that are here:
a +0 spear of venom; 4 chunks of flesh; a gnoll skeleton Your +0 spear of venom begins to drip with poison!
e - a +0 spear of venom (weapon)
You drop a +0 spear.
There is a lethal amount of poison in your body!
You aren't carrying any potions.
There is a lethal amount of poison in your body!
* * * LOW HITPOINT WARNING * * *
You feel sick.
* * * LOW HITPOINT WARNING * * *
You feel sick.
* * * LOW HITPOINT WARNING * * *
You feel sick.
* * * LOW HITPOINT WARNING * * *
You feel sick.
You die...

#..## ..#.. ..
#.#.# ... ...##
..# ## ...###.#
#. #.....(#.. #.
#........#
##.######.......#
#..<.)))..@#.#.##
........#####.##
# ......### #.#
.....# #.# .....
...####.###
...... #........#
....^ ######.#..#
..... #.##.... #
#.# ###..


There were no monsters in sight!

Vanquished Creatures
  4 gnolls (D:2)
  An adder (D:1)
  A leopard gecko (D:1)
  7 giant cockroaches (D:1)
  4 goblins
  2 hobgoblins
  2 bats (D:1)
  3 kobolds (D:1)
  3 rats (D:1)
27 creatures vanquished.

Notes
Turn   | Place    | Note
-------+----------+-------------------------------------------
     0 | D:1      | MoonlitKnight the Merfolk Skald began the quest for the
                  | Orb.
     0 | D:1      | Reached XP level 1. HP: 16/16 MP: 3/3
   125 | D:1      | Reached XP level 2. HP: 20/23 MP: 0/5
   184 | D:1      | Learned a level 2 spell: Shroud of Golubria
   488 | D:1      | Reached skill level 4 in Polearms
   936 | D:2      | Noticed Natasha
  1000 | D:2      | Reached XP level 3. HP: 24/28 MP: 6/6
  1047 | D:1      | HP: 1/28 [poisoned by an adder]
  1053 | D:1      | HP: 1/28 [poisoned by an adder]
  1396 | D:2      | Reached XP level 4. HP: 11/35 MP: 1/7
  1448 | D:2      | Reached skill level 5 in Polearms
  1462 | D:2      | HP: 1/35 [poisoned by a gnoll]
  1466 | D:2      | Succumbed to a gnoll's poison

Levels and vault maps discovered:
D:1:      minmay_arrival_diagonal_passages, layout_basic,
          minmay_worlds_worst_comb
D:2:      layout_rooms, uniq_natasha, uniq_robin

Skill      XL: |  1  2  3  4 |
---------------+-------------+-----
Dodging        | 3 |  3.7
Polearms       | 4 5 |  5.0
Fighting       | 3 |  3.0
Armour         | |  0.6
Spellcasting   | |  2.0
Charms         | |  3.2

Action                   |  1- 3 |  4- 6 || total
-------------------------+-------+-------++-------
Melee: Spear             |   140 |     7 ||   147
 Cast: Infusion          |     4 |       ||     4
       Shroud of Golubri |     2 |       ||     2
  Use: Potion            |     1 |       ||     1
 Stab: Sleeping          |     1 |       ||     1
  Eat: Chunk             |     1 |     1 ||     2
Armor: Leather armour    |    34 |       ||    34
Dodge: Dodged            |    87 |     5 ||    92

Table legend:
 A = Non-vault XP
 B = Vault XP
 C = Vault XP percentage of total XP
 D = Non-vault monster count
 E = Vault monster count
 F = Vault count percentage of total count
                 A         B        C        D         E       F
            +---------+---------+-------+---------+---------+-------
      Total |      95 |      12 |  11.2 |      21 |       6 |  22.2
            +---------+---------+-------+---------+---------+-------
        D:1 |      34 |      12 |  26.1 |      15 |       6 |  28.6
        D:2 |      61 |       0 |   0.0 |       6 |       0 |   0.0
            +---------+---------+-------+---------+---------+-------
